Map: Selva profunda EE

Players

zerocold

  • Race: Terran Terran
  • League: Bronze
  • Spawn Location: 3:00

LIG

  • Race: Protoss Protoss
  • Spawn Location: 1:00

Art

  • Race: Protoss Protoss
  • Spawn Location: 1:00

TATORREA - Winner!

  • Race: Protoss Protoss
  • League: Silver
  • Spawn Location: 7:00

MrFercho - Winner!

  • Race: Zerg Zerg
  • League: Silver
  • Spawn Location: 7:00

tigro - Winner!

  • Race: Terran Terran
  • League: Bronze
  • Spawn Location: 7:00

VOD

Have the link to the VOD?

Description

Time

  • Played on: June 26, 2020, 9:02 p.m.
  • Length: 1:25
Show
View Real Time Build Order
Export as new Build Order

zerocold Terran 

Build Orders:  

Get SALT Encoding   

  12  0:13  Supply Depot, SCV  
  13  0:25  SCV  
  14  0:34  Refinery  
  14  0:37  Supply Depot  
  14  0:42  SCV  
  15  0:54  SCV  
  16  1:05  Barracks  
  16  1:06  SCV  
Show
View Real Time Build Order
Export as new Build Order

LIG Protoss 

Build Orders:  

Get SALT Encoding   

  12  0:01  Probe  
  13  0:09  Probe  
  14  0:20  Pylon  
  14  0:26  Assimilator  
  14  0:32  Assimilator  
  14  0:46  Gateway  
  14  0:51  Probe  
  15  1:03  Probe  
Show
View Real Time Build Order
Export as new Build Order

Art Protoss 

Build Orders:  

Get SALT Encoding   

  1  0:00  Probe  
  12  0:06  Probe  
  14  0:16  Probe  
  15  0:22  Pylon  
  15  0:37  Assimilator  
  15  0:40  Probe  
  16  0:45  Gateway  
Show
View Real Time Build Order
Export as new Build Order

TATORREA Protoss - Winner!

Build Orders:  

Get SALT Encoding   

  12  0:02  Probe  
  13  0:14  Probe  
  14  0:26  Probe  
  14  0:27  Pylon  
  15  0:45  Probe  
  15  0:49  Gateway  
  16  0:57  Probe  
  17  1:10  Probe  
  18  1:17  Assimilator  
Show
View Real Time Build Order
Export as new Build Order

MrFercho Zerg - Winner!

Build Orders: Pool Only 

Get SALT Encoding   

  12  0:09  Overlord  
  12  0:29  Spawning Pool  
  12  0:31  Drone  
  12  0:35  Drone  
  13  0:40  Drone  
  14  0:49  Drone  
  15  0:59  Drone  
  16  1:07  Extractor  
Show
View Real Time Build Order
Export as new Build Order

tigro Terran - Winner!

Build Orders:  

Get SALT Encoding   

  12  0:03  SCV  
  13  0:16  SCV  
  13  0:20  Supply Depot  
  14  0:28  SCV  
  15  0:37  Refinery  
  15  0:42  SCV  
  16  0:48  Barracks  
  16  0:54  SCV  
  17  0:58  Refinery  
  17  1:06  SCV  
  18  1:13  Supply Depot  
Tags
 
Add a new tag
Caveats
  • Supply blocks, unpowered buildings, or Contaminate may cause inaccurate times.
  • Supply counts are checked every 10 seconds.